 Dungeon Crawl Stone Soup version 0.13.1 (webtiles) character file.

51262 redmask the Impaler (level 14, -7/104 HPs)
             Began as a Merfolk Gladiator on Nov 29, 2013.
             Was the Champion of Makhleb.
             Killed from afar by an orc sorcerer (26 damage)
             ... with a bolt of negative energy
             ... on Level 4 of the Orcish Mines on Nov 30, 2013.
             The game lasted 01:15:36 (22558 turns).

redmask the Impaler (Merfolk Gladiator)            Turns: 22558, Time: 01:15:37

HP  -7/104       AC 10     Str 15      XL: 14   Next: 52%
MP  25/25        EV 30     Int 13      God: Makhleb [******]
Gold 1450        SH  0     Dex 20      Spells:  3 memorised,  9 levels left

Res.Fire  : + . .   See Invis. : .   r - +4,+6 orc glaive (freeze)
Res.Cold  : + . .   Warding    : .   R - +2 orc robe {rF+}
Life Prot.: . . .   Conserve   : .   (no shield)
Res.Poison: .       Res.Corr.  : .   G - +1 wizard hat {Int+3}
Res.Elec. : .       Clarity    : .   p - +2 cloak
Sust.Abil.: . .     Spirit.Shd : .   O - +0 pair of gloves
Res.Mut.  : .       Stasis     : .   w - +0 pair of boots
Res.Rott. : .       Flight     : .   u - amulet of faith
Saprovore : . . .                    d - cursed ring of protection from cold
                                     x - +3 ring of dexterity

@: about to teleport, drained, somewhat resistant to hostile enchantments,
fairly stealthy
A: change form in water, swift swim
a: Minor Destruction, Lesser Servant of Makhleb, Major Destruction, Greater
Servant of Makhleb, Renounce Religion


You were on level 4 of the Orcish Mines.
You worshipped Makhleb.
Makhleb was exalted by your worship.
You were not hungry.

You visited 4 branches of the dungeon, and saw 24 of its levels.
You also visited: Volcano.

You collected 1640 gold pieces.
You spent 210 gold pieces at shops.

Inventory:

Hand weapons
 a - a +1,+2 spear of flaming (quivered)
 i - a +3,+1 spear of flaming
 r - a +4,+6 orcish glaive of freezing (weapon)
 J - a +8 blowgun
Missiles
 l - 2 javelins of penetration
 z - 9 curare-tipped needles
Armour
 c - a +0 helmet
 p - a +2 cloak (worn)
 w - a +0 pair of boots (worn)
 G - a +1 wizard hat of intelligence (worn)
 O - a +0 pair of gloves (worn)
 R - a +2 orcish robe of fire resistance (worn)
Magical devices
 b - a wand of disintegration (12)
 k - a wand of lightning (5)
 y - a wand of cold (2)
 E - a wand of fire (3)
 F - a wand of random effects (10)
 K - a wand of digging (10)
 L - a wand of paralysis (9)
Comestibles
 f - 5 bread rations
 s - 2 chunks of orc flesh
 t - 3 chunks of orc flesh
 N - 5 meat rations
Jewellery
 d - a cursed ring of protection from cold (right hand)
 o - an uncursed amulet of resist corrosion
 u - an amulet of faith (around neck)
 x - a +3 ring of dexterity (left hand)
 A - the ring "Puhibb" {Hunger Dex-3 Int+4}
   (You found it on level 8 of the Lair of Beasts)

   [ring of hunger]

   It affects your intelligence (+4).
   It affects your dexterity (-3).
 B - an uncursed ring of ice
 H - an uncursed ring of wizardry
 Y - an uncursed ring of invisibility
Potions
 e - a potion of restore abilities
 h - a potion of curing
 m - a potion of berserk rage
 n - 2 potions of might
 q - 4 potions of heal wounds
 C - 2 potions of resistance
 D - 2 potions of speed
 I - a potion of agility
 W - a potion of confusion
 Z - 2 potions of brilliance
Books
 j - a book of Party Tricks

   Spells                             Type                      Level
   *Summon Butterflies                Summoning                    1
   *Apportation                       Translocation                1
   *Blink                             Translocation                2
   Alistair's Intoxication            Transmutation/Poison         4
   Tukima's Dance                     Hexes                        5
 S - a book of Summonings

   Spells                             Type                      Level
   Abjuration                         Summoning                    3
   Recall                             Summoning/Translocation      3
   Summon Elemental                   Summoning                    4
   Shadow Creatures                   Summoning                    5
   Summon Demon                       Summoning                    5
   Summon Ugly Thing                  Summoning                    6
Miscellaneous
 g - a bottled efreet
 M - a lamp of fire
 T - a phial of floods


   Skills:
 + Level 8.6(7.9) Fighting
 - Level 20.6(19.7) Polearms
 - Level 2.0(1.4) Throwing
 - Level 19.7(18.8) Dodging
 + Level 8.2(7.5) Invocations


You had 9 spell levels left.
You knew the following spells:

 Your Spells              Type           Power        Failure   Level  Hunger
a - Blink                 Tloc           N/A          47%         2    ###....
b - Summon Butterflies    Summ           #.......     30%         1    ##.....
c - Apportation           Tloc           #.........   30%         1    ##.....


Dungeon Overview and Level Annotations

Branches:
Dungeon (11/27)            Temple (1/1) D:7             Orc (4/4) D:7
   Lair (8/8) D:9           Swamp (0/5) Lair:6        Snake (0/5) Lair:5
  Slime (0/6) Lair:7
    Elf: Orc:3-4

Altars:
Ashenzari
Cheibriados
Elyvilon
Fedhas
Kikubaaqudgha
Makhleb
Nemelex Xobeh
Okawaru
Sif Muna
Trog
Vehumet
Xom
Yredelemnul
Zin
the Shining One
Beogh
Jiyva

Shops:
D:4 %!*}   Orc:4 }([+!/*


Message History

Okay, then.
Unknown command.
Read which item? (? for menu, Esc to quit)
As you read the scroll of teleportation, it crumbles to dust.
You feel strangely unstable.
The orc priest invokes the aid of Beogh against you.
Pain shoots through your body!
The orc sorcerer points at you and mumbles some strange words.
The bolt of fire hits the orc priest.
The orc priest dies!
The bolt of fire hits you! You resist.
An orc priest comes into view. It is wielding an orcish mace.
The orc wizard casts a spell.
You feel a wave of unholy energy pass over you.
The orc priest mumbles some strange prayers to Beogh against you.
Something smites you!
* * * LOW HITPOINT WARNING * * *
The orc sorcerer points at you and mumbles some strange words.
The bolt of negative energy hits you!
You feel drained.
You die...

#.# . ..§ .#.. #.#
#...#4 ..o# #.# #....∩.
... . #.# ...#3#..
##oo# #.# . #o.o..
.#..# #.#
..###4o.###....# #.#
....#.{..2#.....#
#.#.......#.#.o.....#
###.#......#####@.....#
#.#.##...............##
.).).##......)......##
......######)).######
......%...)))........
........)............
........)............
#...#.#.#)#.....#.#.#
###################


You could see a hellwing, a smoke demon, an orc sorcerer, a rotting devil, 2 orc
priests, 3 orc wizards and a friendly cacodemon.

Vanquished Creatures
  Gastronok (Orc:2)
  Josephine (Orc:2)
  9 death yaks
  A catoblepas (Lair:5)
  Nergalle (Lair:2)
  A centaur warrior (Volcano)
  A hill giant (D:11)
  An orc sorcerer (Orc:4)
  12 elephants
  Maurice (D:10)
  4 black mambas
  13 spiny frogs
  2 wandering mushrooms (Lair:7)
  A spriggan (D:9)
  2 fire drakes
  7 komodo dragons
  Sonja (Orc:2)
  7 giant leeches
  2 polar bears (Lair:8)
  10 blink frogs
  3 basilisks
  A wyvern (Lair:8)
  A wraith (D:8)
  30 yaks
  6 vampire mosquitoes (Lair:8)
  3 hungry ghosts
  Grum (D:8)
  17 wolves
  4 hippogriffs
  5 porcupines
  3 nagas (Lair:5)
  10 orc warriors
  2 phantoms
  3 ice beasts
  3 ogres
  A black bear (D:7)
  2 sky beasts
  13 crocodiles
  A big kobold (D:9)
  4 giant goldfish (Lair:8)
  2 wargs
  10 water moccasins
  17 centaurs
  5 boring beetles
  8 giant slugs
  21 giant frogs
  6 agate snails
  11 killer bees
  A hippogriff zombie (D:9)
  12 jellyfish
  3 fire bats (Volcano)
  4 wights (D:6)
  3 lava fish (Volcano)
  2 lava snakes (Volcano)
  19 electric eels
  5 crimson imps
  A quasit (D:10)
  A goliath beetle (D:9)
  21 orc priests
  16 hounds
  A giant frog zombie (D:7)
  A gnoll shaman (D:9)
  2 jellies (D:5)
  A scorpion (D:3)
  4 iguanas
  25 orc wizards
  A two-headed ogre skeleton (D:9)
  A spectral orc (Lair:3)
  8 big fish
  A warg skeleton (Orc:2)
  8 worker ants
  6 ogre zombies (D:7)
  7 sheep (Lair:3)
  A big kobold skeleton (D:8)
  A worker ant zombie (D:4)
  9 green rats
  10 gnolls
  18 adders
  An ogre simulacrum (Orc:2)
  2 inept feature mimics (D:4)
  7 worms
  A giant mite (Lair:5)
  An iguana zombie (D:5)
  6 giant eyeballs
  99 orcs
  3 ball pythons
  A bat skeleton (D:7)
  2 bat zombies
  5 giant cockroaches
  17 hobgoblins
  9 jackals
  25 kobolds
  7 quokkas
  20 bats
  7 giant geckos
  9 giant newts
  7 goblins
  2 goblin skeletons
  A goblin zombie (D:7)
  3 hobgoblin skeletons (D:7)
  6 hobgoblin zombies
  A kobold skeleton (D:5)
  2 orc simulacra (Orc:2)
  2 orc skeletons
  13 orc zombies
  A quokka zombie (D:7)
  26 rats
  2 ballistomycetes (Lair:6)
  A plant (Lair:8)
753 creatures vanquished.

Vanquished Creatures (collateral kills)
  A blizzard demon (Orc:4)
  2 orc sorcerers (Orc:4)
  An orc warrior (Orc:4)
  5 orc priests (Orc:4)
  6 orc wizards (Orc:4)
  An orc zombie (Orc:4)
16 creatures vanquished.

Vanquished Creatures (others)
  A big fish (Lair:6)
  An orc priest (Orc:4)
  A giant spore (Lair:6)
  5 fungi
8 creatures vanquished.

Grand Total: 777 creatures vanquished

Notes
Turn   | Place    | Note
--------------------------------------------------------------
     0 | D:1      | redmask, the Merfolk Gladiator, began the quest for the Orb.
     0 | D:1      | Reached XP level 1. HP: 17/17 MP: 0/0
   164 | D:1      | Reached skill level 5 in Polearms
   164 | D:1      | Reached XP level 2. HP: 21/23 MP: 1/1
   747 | D:2      | Reached XP level 3. HP: 21/28 MP: 2/2
  1637 | D:2      | Reached skill level 5 in Dodging
  2193 | D:3      | Reached XP level 4. HP: 33/35 MP: 3/3
  2219 | D:3      | Reached skill level 6 in Polearms
  2397 | D:3      | Reached XP level 5. HP: 17/40 MP: 4/4
  3059 | D:4      | Found Couh's Assorted Antiques.
  3069 | D:4      | Bought a metallic purple potion for 20 gold pieces
  3069 | D:4      | Bought a scroll of remove curse for 69 gold pieces
  3069 | D:4      | Bought an inky potion for 20 gold pieces
  3069 | D:4      | Bought a scroll of teleportation for 69 gold pieces
  3112 | D:4      | Found a blossoming altar of Fedhas.
  3188 | D:4      | Reached skill level 7 in Polearms
  3213 | D:4      | Found Irer Fri's Antique Weapon Emporium.
  3226 | D:4      | Irer Fri's Antique Weapon Emporium was a mimic.
  3274 | D:4      | Found Yjou's Distillery.
  3293 | D:4      | Reached XP level 6. HP: 39/46 MP: 5/5
  3515 | D:4      | Found a shimmering altar of Xom.
  3612 | D:4      | Noticed an ogre
  3627 | D:4      | Killed an ogre
  3627 | D:4      | Reached skill level 8 in Polearms
  3745 | D:4      | Found Woukidou's Food Shop.
  3913 | D:4      | Bought a potion of might for 32 gold pieces
  3954 | D:5      | Entered Level 5 of the Dungeon
  3972 | D:5      | Reached XP level 7. HP: 26/51 MP: 6/6
  4186 | D:5      | Reached skill level 9 in Polearms
  4470 | D:4      | Found Bolaug's Gadget Boutique.
  4827 | D:5      | Found a burning altar of Makhleb.
  5289 | D:5      | Reached skill level 10 in Polearms
  5289 | D:5      | Reached XP level 8. HP: 25/58 MP: 7/7
  5790 | D:5      | Found a shimmering altar of Xom.
  6139 | D:6      | Reached skill level 10 in Dodging
  6140 | D:6      | Reached skill level 11 in Polearms
  7136 | D:6      | Reached XP level 9. HP: 44/65 MP: 8/8
  7547 | D:7      | Found a sparkling altar of Nemelex Xobeh.
  7611 | D:7      | Got a jewelled leather armour
  7618 | D:7      | Identified the cursed +0 leather armour of the Lion {Acc+5 Dam-2 Stlth++} (You found it on level 7 of the Dungeon)
  7811 | D:7      | Found a staircase to the Orcish Mines.
  7837 | D:7      | Reached skill level 12 in Polearms
  8140 | D:7      | Found a bloodstained altar of Trog.
  8622 | D:7      | Found a white marble altar of Elyvilon.
  8705 | D:7      | Reached skill level 13 in Polearms
  8972 | D:7      | Found a staircase to the Ecumenical Temple.
  9009 | Temple   | Entered the Ecumenical Temple
  9398 | Temple   | Became a worshipper of Makhleb the Destroyer
  9455 | D:7      | Reached XP level 10. HP: 70/72 MP: 9/9
  9736 | D:8      | Noticed Grum
  9750 | D:8      | Killed Grum
  9754 | D:8      | Acquired Makhleb's first power
 10014 | D:8      | Reached skill level 14 in Polearms
 10236 | D:8      | Paralysed by a giant eyeball for 4 turns
 10319 | D:8      | Paralysed by a giant eyeball for 2 turns
 10877 | D:8      | Found a burning altar of Makhleb.
 10877 | D:8      | Noticed an Executioner
 11065 | D:9      | Acquired Makhleb's second power
 11172 | D:9      | Found a staircase to the Lair.
 11273 | D:9      | Reached skill level 15 in Polearms
 11590 | D:9      | Acquired Makhleb's third power
 11838 | D:9      | Reached XP level 11. HP: 77/77 MP: 10/10
 12135 | D:10     | Entered Level 10 of the Dungeon
 12165 | D:10     | Noticed Maurice
 12189 | D:10     | Killed Maurice
 12189 | D:10     | Reached skill level 15 in Dodging
 12323 | D:10     | Identified a scroll of acquirement
 12526 | D:11     | Reached skill level 16 in Polearms
 12736 | D:11     | Noticed a hill giant
 12750 | D:11     | Killed a hill giant
 12841 | Lair:1   | Entered Level 1 of the Lair of Beasts
 13018 | Lair:1   | Acquired Makhleb's fourth power
 13590 | Lair:2   | Reached skill level 17 in Polearms
 13771 | Lair:2   | Noticed Nergalle
 14122 | Lair:3   | Reached XP level 12. HP: 68/84 MP: 11/11
 14176 | Lair:3   | Acquired Makhleb's fifth power
 14280 | Lair:3   | Found an ancient bone altar of Kikubaaqudgha.
 14441 | Lair:3   | Noticed a four-headed hydra
 14724 | Lair:2   | Killed Nergalle
 14724 | Lair:2   | Reached skill level 18 in Polearms
 16037 | Lair:5   | Found a staircase to the Snake Pit.
 16591 | Lair:6   | Noticed a death yak
 16592 | Lair:6   | Noticed a death yak
 16593 | Lair:6   | Noticed a death yak
 16605 | Lair:6   | Killed a death yak
 16605 | Lair:6   | Reached skill level 19 in Polearms
 16613 | Lair:6   | Killed a death yak
 16634 | Lair:6   | Killed a death yak
 16699 | Lair:6   | Found a staircase to the Swamp.
 16954 | Lair:6   | Reached XP level 13. HP: 89/89 MP: 12/12
 17664 | Lair:7   | Reached skill level 20 in Polearms
 17849 | Lair:7   | Found a viscous altar of Jiyva.
 17850 | Lair:7   | Found a staircase to the Slime Pits.
 18303 | Lair:7   | Reached skill level 1 in Invocations
 18652 | Lair:8   | Entered Level 8 of the Lair of Beasts
 18758 | Lair:8   | Reached skill level 5 in Fighting
 18854 | Lair:8   | Reached skill level 5 in Invocations
 18868 | Lair:8   | Reached XP level 14. HP: 90/98 MP: 20/21
 18886 | Lair:8   | Got a crude copper ring
 18942 | Lair:8   | Identified the ring "Puhibb" {Hunger Dex-3 Int+4} (You found it on level 8 of the Lair of Beasts)
 19938 | D:9      | Learned a level 2 spell: Blink
 19940 | D:9      | Learned a level 1 spell: Summon Butterflies
 19942 | D:9      | Learned a level 1 spell: Apportation
 20072 | Orc:1    | Entered Level 1 of the Orcish Mines
 20306 | Orc:2    | Noticed Sonja
 20315 | Orc:2    | Killed Sonja
 20576 | Orc:2    | Noticed Josephine
 20688 | Orc:2    | Killed Josephine
 21066 | Orc:2    | Noticed Gastronok
 21082 | Orc:2    | Killed Gastronok
 21461 | Orc:3    | Found a shimmering altar of Xom.
 21643 | Orc:3    | Found a dark tunnel.
 21658 | Volcano  | Entered a volcano
 21811 | Volcano  | Found a burning altar of Makhleb.
 21836 | Volcano  | Found a radiant altar of Vehumet.
 22190 | Orc:4    | Entered Level 4 of the Orcish Mines
 22190 | Orc:4    | Found Arizeto's Gadget Shoppe.
 22190 | Orc:4    | Found Vuaptoam's Antique Weapon Boutique.
 22234 | Orc:4    | Found Xuuch's Book Shoppe.
 22291 | Orc:4    | Found Thraojuta's Armour Shop.
 22366 | Orc:4    | Found a roughly hewn altar of Beogh.
 22545 | Orc:4    | Found Khoics' Magical Wand Shoppe.
 22545 | Orc:4    | Found Calloe's Distillery.
 22545 | Orc:4    | Found Heduet's General Store.
 22548 | Orc:4    | Paralysed by an orc sorcerer for 6 turns
 22558 | Orc:4    | Killed from afar by an orc sorcerer

Action                   |  1- 3 |  4- 6 |  7- 9 | 10-12 | 13-15 || total
-------------------------+-------+-------+-------+-------+-------++-------
Melee: Trident           |   119 |   182 |   232 |       |       ||   533
       Glaive            |       |       |   241 |   941 |   864 ||  2046
       Unarmed           |       |       |       |    13 |       ||    13
Throw: Throwing net      |       |     5 |     1 |       |       ||     6
Invok: Major Destruction |       |       |       |       |     1 ||     1
       Greater Servant o |       |       |       |       |     3 ||     3
Evoke: Wand              |       |     1 |    12 |    13 |     6 ||    32
  Use: Scroll            |     2 |    11 |     9 |    14 |    11 ||    47
       Potion            |       |       |    10 |     4 |    11 ||    25
 Stab: Held in net/web   |       |     4 |       |       |       ||     4
       Sleeping          |       |     2 |     6 |    15 |     3 ||    26
       Distracted        |       |       |       |     3 |       ||     3
       Paralysed         |       |       |       |     1 |     1 ||     2
       Invisible         |       |       |       |       |    39 ||    39
       Confused          |       |       |       |       |     1 ||     1
